 Dungeon Crawl Stone Soup version 0.29.0-13-gc9e81de378 (webtiles) character file.

Game seed: 1736982164895191135

375 Artool the Cudgeller (level 6, -4/48 HPs)
             Began as a Demonspawn Gladiator on Sept 8, 2022.
             Slain by Grinder (6 damage)
             ... on level 4 of the Dungeon.
             The game lasted 00:08:13 (4295 turns).

Artool the Cudgeller (Demonspawn Gladiator)         Turns: 4295, Time: 00:08:14

Health: -4/48      AC:  5    Str: 16    XL:     6   Next: 44%
Magic:  6/6        EV: 13    Int:  9    God:
Gold:   245        SH:  0    Dex: 15    Spells: 5/5 levels left

rFire   . . .      SeeInvis .   x - +0 whip
rCold   . . .      Faith    .   (no shield)
rNeg    . . .      Spirit   .   b - +0 leather armour
rPois   .          Reflect  .   c - +0 helmet
rElec   .          Harm     .   (no cloak)
rCorr   .          Rampage  .   (no gloves)
Will    .....                   i - +0 pair of boots
Stlth   +.........              (no amulet)
HPRegen 0.16/turn               (no ring)
MPRegen 0.10/turn               (no ring)

@: no status effects
A: spiny 1
a: no special abilities


You were on level 4 of the Dungeon.
You visited 1 branch of the dungeon, and saw 5 of its levels.
You also visited: Sewer.

You collected 245 gold pieces.

Inventory:

Hand Weapons
 a - a +0 flail
 x - a +0 whip (weapon)
Missiles
 d - 3 throwing nets (quivered)
 e - a javelin
Armour
 b - a +0 leather armour (worn)
 c - a +0 helmet (worn)
 i - a +0 pair of boots (worn)
Jewellery
 D - a ring of fire
 F - a ring of positive energy
Wands
 w - a wand of paralysis (2)
 I - a wand of flame (17)
Scrolls
 f - 2 scrolls of amnesia {unknown}
 g - 2 scrolls of vulnerability {unknown}
 k - a scroll of identify {unknown}
 l - 2 scrolls of enchant weapon {unknown}
 o - 2 scrolls of blinking {unknown}
 p - 5 scrolls of teleportation {unknown}
 r - a scroll of acquirement {unknown}
 t - a scroll of summoning {unknown}
 u - a scroll of torment {unknown}
 y - 2 scrolls of magic mapping {unknown}
 B - a scroll of enchant armour {unknown}
 C - a scroll of poison {unknown}
 G - a scroll of immolation {unknown}
 H - a scroll of brand weapon {unknown}
 J - a scroll of noise {unknown}
Potions
 h - a potion of mutation {unknown}
 j - 5 potions of curing
 m - a potion of berserk rage {unknown}
 n - 3 potions of might {unknown}
 q - a potion of lignification {unknown}
 s - a potion of heal wounds {unknown}
 v - a potion of haste {unknown}
 z - a potion of ambrosia {unknown}
 A - 5 potions of flight
 E - a potion of attraction {unknown}


   Skills:
 + Level 3.7 Fighting
 + Level 4.0 Maces & Flails
 - Level 1.7 Throwing
 + Level 2.7 Armour
 + Level 4.0 Dodging


You had 5 spell levels left.
You didn't know any spells.
Your spell library contained the following spells:

 Spells                   Type           Power      Damage    Failure   Level
 Poisonous Vapours        Pois/Air       0%         N/A       58%         2
 Corpse Rot               Necr/Pois/Air  0%         N/A       99%         4


Dungeon Overview and Level Annotations

Branches:
Dungeon (5/15)             Temple (0/1) D:5           Sewer (visited)

Altars:
Qazlal

Annotations:
D:4 Grinder


Innate Abilities, Weirdness & Mutations

You are partially covered in sharp spines.


Message History

Grinder gestures at you. Pain shoots through your body!
You hit Grinder.
Grinder is lightly wounded.
Grinder gestures at you.
You suddenly lose the ability to move!
Grinder hits you.
You writhe in agony.
Grinder hits you.
You writhe in agony.
You can move again.
You closely miss Grinder.
Grinder is lightly wounded.
Grinder hits you.
You writhe in agony.
You hit Grinder.
Grinder is moderately wounded.
Grinder closely misses you.
You closely miss Grinder.
Grinder is moderately wounded.
Grinder is struck by your spines. Grinder hits you but does no damage.
You hit Grinder but do no damage.
Grinder is moderately wounded.
Grinder says, "Don't move a muscle."
Grinder hits you.
You hit Grinder but do no damage.
Grinder is moderately wounded.
Grinder hits you but does no damage.
You barely miss Grinder.
Grinder is moderately wounded.
You hit Grinder.
Grinder is moderately wounded.
Grinder hits you!
* * * LOW HITPOINT WARNING * * *
You writhe in agony.
* * * LOW HITPOINT WARNING * * *
You closely miss Grinder.
Grinder is moderately wounded.
Grinder says, "There's only one good use for a tongue: cutting it out."
Grinder hits you!
* * * LOW HITPOINT WARNING * * *
You writhe in agony.
You die...

# ###..# ####.#### #.
#.#....# #...# #.
###.#.#..## #...# ##
###...#.#...## #...#### #
.......#.....######...##.###
..............#?......5...##
...............?.........<..
..............#...........##
.......#...@.######...##.###
###...#.#..5## #...#### #
#...........### #...# #
#.#####.#.....# #...#
#.#####.#.#.#.##......
.......<.........#####.
#.#####...#.#.#..#
#.#.....#..# ...#....##..#


You could see Grinder.

Vanquished Creatures
  2 scorpions
  An iguana (D:5)
  9 adders
  4 river rats (Sewer)
  3 worms
  2 dart slugs
  An orc (D:3)
  14 bats
  5 endoplasms
  8 giant cockroaches
  8 hobgoblins
  8 jackals
  5 kobolds
  6 quokkas
  8 ball pythons
  7 frilled lizards
  8 goblins
  4 rats
103 creatures vanquished.

Notes
Turn   | Place    | Note
-------+----------+-------------------------------------------
     0 | D:1      | Artool the Demonspawn Gladiator began the quest for the
                  | Orb.
     0 | D:1      | Reached XP level 1. HP: 16/16 MP: 1/1
   192 | D:1      | Gained mutation: You are partially covered in sharp spines.
                  | [demonic ancestry]
   192 | D:1      | Reached XP level 2. HP: 22/22 MP: 2/2
   508 | D:1      | Found a faded altar of an unknown god.
   530 | D:1      | Reached skill level 1 in Armour
   956 | D:2      | Reached XP level 3. HP: 20/28 MP: 3/3
  1582 | D:3      | Reached XP level 4. HP: 25/34 MP: 4/4
  1790 | D:3      | Found a stormy altar of Qazlal.
  1950 | D:3      | Found a glowing drain.
  1954 | Sewer    | Entered a sewer
  2209 | Sewer    | Reached XP level 5. HP: 15/41 MP: 5/5
  3603 | D:4      | Reached XP level 6. HP: 33/47 MP: 6/6
  3695 | D:4      | Noticed Grinder
  3760 | D:5      | Entered Level 5 of the Dungeon
  3951 | D:5      | Found a staircase to the Ecumenical Temple.
  4285 | D:4      | Paralysed by Grinder for 2 turns
  4295 | D:4      | HP: 2/48 [Grinder (9)]
  4295 | D:4      | Slain by Grinder

Illustrated notes

Levels and vault maps discovered:
D:1:      dpeg_arrival_rooms_a, layout_basic, ebering_ecumenical_altar_mist
D:2:      layout_rooms
D:3:      layout_rooms, mainiacjoe_overflow_concentric_impassable,
          gup_sewer_entry_bowl
D:4:      layout_loops_cross, mainiacjoe_overflow_alcove_1,
          gammafunk_ghost_nasty_kobolds, glass_columns_a, uniq_menkaure,
          uniq_grinder
D:5:      layout_cave_pools, marbit_many_paths, fedhas_bush_and_centaur_altar,
          minmay_temple_entry_slanted, serial_gnoll_camp,
          gnoll_camp_mini_doghouse, gnoll_camp_mini_shop, gnoll_camp_medium_02,
          gnoll_camp_medium_01, gnoll_camp_mini_hut, roderic_serpentine_path,
          mumra_transporter_accident

Skill      XL: |  1  2  3  4  5  6 |
---------------+-------------------+-----
Maces & Flails | 3 4 |  4.0
Armour         | 1 2 |  2.7
Dodging        | 3 4 |  4.0
Fighting       | 3 |  3.7
Throwing       | |  1.7

Action                   |  1- 3 |  4- 6 || total
-------------------------+-------+-------++-------
Melee: Flail             |    86 |       ||    86
       Whip              |       |   153 ||   153
       Punch             |       |     1 ||     1
  Use: Potion            |       |     2 ||     2
 Stab: Sleeping          |     2 |     1 ||     3
Armor: Leather armour    |    43 |    38 ||    81
Dodge: Dodged            |    47 |   101 ||   148
